 Dungeon Crawl Stone Soup version 0.22.1-6-g1668fe2c40 (webtiles) character file.

109 Rediskos the Magician (level 4, -2/32 HPs)
             Began as a Gnoll Wizard on Jan 16, 2019.
             Slain by a two-headed ogre
             ... wielding a +0 giant spiked club
              (34 damage)
             ... on level 3 of the Dungeon.
             The game lasted 00:09:03 (2538 turns).

Rediskos the Magician (Gnoll Wizard)                Turns: 2538, Time: 00:09:04

Health: -2/32      AC:  2    Str:  9    XL:     4   Next: 89%
Magic:  8/13       EV: 14    Int: 21    God:
Gold:   108        SH:  0    Dex: 14    Spells: 6/17 levels left

rFire    . . .     SeeInvis .   e - +0 dagger
rCold    . . .     Gourm    .   (no shield)
rNeg     . . .     Faith    .   m - +0 robe
rPois    .         Spirit   .   b - +0 hat
rElec    .         Reflect  .   (no cloak)
rCorr    .         Harm     .   (no gloves)
MR       .....                  (no boots)
Stlth    +++.......             g - amulet of regeneration
HPRegen  0.50/turn              (no ring)
MPRegen  0.13/turn              (no ring)

@: no status effects
A: distributed training, fangs 1, strong nose
a: no special abilities


You were on level 3 of the Dungeon.
You were hungry.

You visited 1 branch of the dungeon, and saw 3 of its levels.

You collected 108 gold pieces.

Inventory:

Hand Weapons
 e - a +0 dagger (weapon)
Armour
 b - a +0 hat (worn)
 m - a +0 robe (worn)
Jewellery
 g - an amulet of regeneration (around neck)
Scrolls
 h - 2 scrolls of random uselessness
 k - a scroll of teleportation
 n - a scroll of remove curse
 o - a scroll of blinking {unknown}
 q - a scroll of enchant armour {unknown}
Potions
 c - 2 potions of resistance {unknown}
 f - a potion of ambrosia
 i - 4 potions of heal wounds
 j - a potion of magic
 l - a potion of agility {unknown}
 p - a potion of flight {unknown}
Comestibles
 d - 5 rations


   Skills:
 + Level 1.2 Fighting
 + Level 1.2 Short Blades
 + Level 1.2 Long Blades
 + Level 1.2 Axes
 + Level 1.2 Maces & Flails
 + Level 1.2 Polearms
 + Level 1.2 Staves
 + Level 1.2 Slings
 + Level 1.2 Bows
 + Level 1.2 Crossbows
 + Level 1.2 Throwing
 + Level 1.2 Armour
 + Level 4.7 Dodging
 + Level 4.3 Stealth
 + Level 1.2 Shields
 + Level 1.2 Unarmed Combat
 + Level 7.2 Spellcasting
 + Level 2.3 Conjurations
 + Level 1.0 Hexes
 + Level 1.0 Charms
 + Level 2.3 Summonings
 + Level 1.0 Necromancy
 + Level 2.3 Translocations
 + Level 1.0 Transmutations
 + Level 1.0 Fire Magic
 + Level 1.0 Ice Magic
 + Level 1.0 Air Magic
 + Level 1.0 Earth Magic
 + Level 1.0 Poison Magic
 + Level 1.3 Invocations
 + Level 1.2 Evocations


You had 6 spell levels left.
You knew the following spells:

 Your Spells              Type           Power        Failure   Level  Hunger
a - Magic Dart            Conj           ###.         3%          1    None
b - Blink                 Tloc           N/A          4%          2    None
d - Conjure Flame         Conj/Fire      ##......     13%         3    None
q - Mephitic Cloud        Conj/Pois/Air  ##......     14%         3    None
s - Call Imp              Summ           ###.....     4%          2    None

Your spell library contained the following spells:

 Spells                   Type           Power        Failure   Level  Hunger
 Slow                     Hex            ##......     9%          2    None


Dungeon Overview and Level Annotations

Branches:
Dungeon (3/15)

Altars:


Innate Abilities, Weirdness & Mutations

Your experience applies equally to all skills.
You have very sharp teeth.
Your uncanny sense of smell can sniff out nearby items.


Message History

Confirm with . or Enter, or press ? or * to list all spells.
A beastly little devil appears in a puff of flame.
Your crimson imp blinks!
Your crimson imp hits the two-headed ogre.
Your crimson imp barely misses the two-headed ogre.
Your crimson imp blinks!
Your crimson imp hits the two-headed ogre.
Your crimson imp blinks!
The two-headed ogre hits your crimson imp with a giant spiked club!!
Your crimson imp dies!
Casting: Call Imp (safe; 4% risk of failure)
Confirm with . or Enter, or press ? or * to list all spells.
Aiming: Conjure Flame (safe; 13% risk of failure)
Press: ? - help, Dir - move target cursor The fire ignites!
Things that are here:
a dagger; a blowgun; 11 poisoned needles The two-headed ogre hits you with a giant spiked club!!
Ouch! That really hurt!
You die...

...## #.# #..#
#......... ....# #.##
#..# #######'#. ....#
#..###..## ####'#.
....# ##.......#
#.....# ....# #.###..##
#.....# ###.# #.5##..#
#.....# #.# #..##..#
###.... #.# #..##..#
#.... #.#
#..O#.@#####+######....
###'#####
#.#.#O.##........##....
........#
#.#...<##........##.÷..
........#
#.##..###....(...''....
........# #.##..#
#........##....
...÷....# #.###.#
#........##....
###'#####
#.###>######'###.##.(..
..#.#
#.#..............##....
#.#.#
#.#.########.######....


You could see a two-headed ogre.

Vanquished Creatures
  A hound (D:2)
  2 adders (D:3)
  2 dart slugs (D:2)
  3 leopard geckos (D:1)
  An orc (D:3)
  3 giant cockroaches
  2 goblins (D:1)
  4 hobgoblins
  4 kobolds
  2 ball pythons (D:1)
  5 bats
  2 frilled lizards
  6 rats
37 creatures vanquished.

Vanquished Creatures (collateral kills)
  An adder (D:2)
  2 hobgoblins (D:2)
  5 jackals (D:2)
  A bat (D:2)
  A frilled lizard (D:2)
  A rat (D:2)
11 creatures vanquished.

Grand Total: 48 creatures vanquished

Notes
Turn   | Place    | Note
-------+----------+-------------------------------------------
     0 | D:1      | Rediskos the Gnoll Wizard began the quest for the Orb.
     0 | D:1      | Reached XP level 1. HP: 13/13 MP: 8/8
   141 | D:1      | Reached XP level 2. HP: 19/19 MP: 5/10
   667 | D:2      | Learned a level 2 spell: Blink
   670 | D:2      | Learned a level 2 spell: Call Imp
   691 | D:2      | Reached XP level 3. HP: 25/25 MP: 8/11
   901 | D:2      | Learned a level 3 spell: Conjure Flame
   911 | D:2      | Reached skill level 1 in Fighting
   911 | D:2      | Reached skill level 1 in Short Blades
   911 | D:2      | Reached skill level 1 in Long Blades
   911 | D:2      | Reached skill level 1 in Axes
   911 | D:2      | Reached skill level 1 in Maces & Flails
   911 | D:2      | Reached skill level 1 in Polearms
   911 | D:2      | Reached skill level 1 in Staves
   911 | D:2      | Reached skill level 1 in Slings
   911 | D:2      | Reached skill level 1 in Bows
   911 | D:2      | Reached skill level 1 in Crossbows
   911 | D:2      | Reached skill level 1 in Throwing
   911 | D:2      | Reached skill level 1 in Armour
   911 | D:2      | Reached skill level 1 in Shields
   911 | D:2      | Reached skill level 1 in Unarmed Combat
   911 | D:2      | Reached skill level 1 in Invocations
   911 | D:2      | Reached skill level 1 in Evocations
   911 | D:2      | Reached XP level 4. HP: 14/32 MP: 2/13
  1021 | D:2      | Learned a level 3 spell: Mephitic Cloud
  1944 | D:3      | Reached skill level 1 in Hexes
  1944 | D:3      | Reached skill level 1 in Charms
  1944 | D:3      | Reached skill level 1 in Necromancy
  1944 | D:3      | Reached skill level 1 in Transmutations
  1944 | D:3      | Reached skill level 1 in Fire Magic
  1944 | D:3      | Reached skill level 1 in Ice Magic
  1944 | D:3      | Reached skill level 1 in Air Magic
  1944 | D:3      | Reached skill level 1 in Earth Magic
  1944 | D:3      | Reached skill level 1 in Poison Magic
  2347 | D:3      | Noticed a two-headed ogre
  2538 | D:3      | Slain by a two-headed ogre

Skill      XL: |  1  2  3  4 |
---------------+-------------+-----
Conjurations   | 2 |  2.3
Summonings     | 2 |  2.3
Translocations | 2 |  2.3
Fighting       | 1 |  1.2
Short Blades   | 1 |  1.2
Long Blades    | 1 |  1.2
Axes           | 1 |  1.2
Maces & Flails | 1 |  1.2
Polearms       | 1 |  1.2
Staves         | 1 |  1.2
Slings         | 1 |  1.2
Bows           | 1 |  1.2
Crossbows      | 1 |  1.2
Throwing       | 1 |  1.2
Armour         | 1 |  1.2
Shields        | 1 |  1.2
Unarmed Combat | 1 |  1.2
Invocations    | 1 |  1.3
Evocations     | 1 |  1.2
Hexes          | 1 |  1.0
Charms         | 1 |  1.0
Necromancy     | 1 |  1.0
Transmutations | 1 |  1.0
Fire Magic     | 1 |  1.0
Ice Magic      | 1 |  1.0
Air Magic      | 1 |  1.0
Earth Magic    | 1 |  1.0
Poison Magic   | 1 |  1.0
Dodging        | |  4.7
Stealth        | |  4.3
Spellcasting   | |  7.2

Action                   |  1- 3 |  4- 6 || total
-------------------------+-------+-------++-------
Melee: Unarmed           |     4 |       ||     4
       Bite              |     2 |       ||     2
       Dagger            |     5 |     5 ||    10
 Cast: Magic Dart        |    49 |    43 ||    92
       Call Imp          |     4 |    16 ||    20
       Conjure Flame     |       |     3 ||     3
       Mephitic Cloud    |       |     1 ||     1
  Use: Scroll            |     4 |     7 ||    11
 Stab: Sleeping          |       |     1 ||     1
  Eat: Chunk             |       |     4 ||     4
Armor: Robe              |     4 |     1 ||     5
Dodge: Dodged            |    19 |     8 ||    27
